 Dungeon Crawl Stone Soup version 0.19-a0-45-g2c295ea (webtiles) character file.

70 jyri the Conjurer (level 4, -3/24 HPs)
             Began as a Deep Elf Conjurer on May 5, 2016.
             Slain by a giant gecko (5 damage)
             ... on level 3 of the Dungeon.
             The game lasted 00:11:17 (2109 turns).

jyri the Conjurer (Deep Elf Conjurer)               Turns: 2109, Time: 00:11:18

Health: -3/24      AC:  2    Str:  5    XL:     4   Next: 4%
Magic:  1/10       EV: 13    Int: 21    God:
Gold:   86         SH:  0    Dex: 15    Spells: 2 memorised, 5 levels left

rFire  . . .     SeeInvis .     j - +0 dagger
rCold  . . .     Gourm    .     a - +0 robe
rNeg   . . .     Faith    .     (no shield)
rPois  .         Spirit   .     (no helmet)
rElec  .         Dismiss  .     (no cloak)
rCorr  .         Reflect  .     (no gloves)
SustAt .         Harm     .     (no boots)
MR     +....                    (no amulet)
Stlth  ++........               (no ring)
                                l - ring of protection from magic

@: somewhat resistant to hostile enchantments, unstealthy
A: no striking features
a: no special abilities


You were on level 3 of the Dungeon.
You were not hungry.

You visited 1 branch of the dungeon, and saw 3 of its levels.

You collected 86 gold pieces.

Inventory:

Hand Weapons
 j - a +0 dagger (weapon)
Missiles
 f - 6 tomahawks (quivered)
 i - 18 sling bullets
Armour
 a - a +0 robe (worn)
Jewellery
 l - a ring of protection from magic (left hand)
Scrolls
 d - 4 scrolls of remove curse
 k - 2 scrolls of noise {unknown}
 n - a scroll of amnesia {unknown}
 o - a scroll of recharging {unknown}
 p - a scroll of fear {unknown}
 q - a scroll of fog {unknown}
 r - a scroll of teleportation {unknown}
Potions
 e - a potion of curing {unknown}
 g - a potion of agility {unknown}
 h - a potion of might {unknown}
Books
 b - a book of Conjurations

   Spells                             Type                      Level
   a - Magic Dart                     Conjuration                  1
   b - Searing Ray                    Conjuration                  2
   c - Dazzling Spray                 Conjuration/Hexes            3
   d - Fulminant Prism                Conjuration/Hexes            4
   e - Iskenderun's Mystic Blast      Conjuration                  4
   f - Iskenderun's Battlesphere      Conjuration/Charms           5
Comestibles
 c - a chunk of flesh
 m - a meat ration


   Skills:
 - Level 2.4 Dodging
 - Level 2.4 Stealth
 - Level 3.0 Spellcasting
 + Level 5.8 Conjurations
 + Level 2.1 Hexes


You had 5 spell levels left.
You knew the following spells:

 Your Spells              Type           Power        Failure   Level  Hunger
a - Magic Dart            Conj           ####         1%          1    None
b - Dazzling Spray        Conj/Hex       ###...       10%         3    ###....


Dungeon Overview and Level Annotations

Branches:
Dungeon (3/15)

Altars:
Cheibriados

Annotations:
D:2 Robin, Terence


Message History

The orc throws a tomahawk.
The tomahawk hits you.
* * * LOW HITPOINT WARNING * * *
You see here a tomahawk.
The orc throws a tomahawk.
The tomahawk hits you but does no damage.
You see here a tomahawk.
The orc throws a tomahawk.
The tomahawk hits you.
* * * LOW HITPOINT WARNING * * *
The hobgoblin barely misses you.
You see here a tomahawk.
The hobgoblin hits you but does no damage.
Casting: Magic Dart
Confirm with . or Enter, or press ? or * to list all spells.
Aiming: Dazzling Spray
Press: ? - help, Shift-Dir - straight line, f/p - hobgoblin
Aim: a hobgoblin, wielding a club and wearing a robe The spray of energy hits the hobgoblin.
You kill the hobgoblin!
The giant gecko bites you.
You die...

......# ......#
### ......######
#.. ...........#
#.# ...........#
#.# ...........#
#.#.# .##........#
#.#.# .((........#
#.#@# ....(.######
#.#l# ...l..#
#.#.# .!....#
#.#.#
......########.#o#
............o..).#
......########.###
....... #...
........ #####


You could see an orc and a giant gecko.

Vanquished Creatures
  An ooze (D:1)
  A worm (D:2)
  4 dart slugs
  An orc (D:3)
  A giant cockroach (D:1)
  10 goblins
  7 hobgoblins
  6 jackals
  3 bats (D:1)
  6 giant newts
  6 kobolds
  7 rats
53 creatures vanquished.

Notes
Turn   | Place    | Note
--------------------------------------------------------------
     0 | D:1      | jyri the Deep Elf Conjurer began the quest for the Orb.
     0 | D:1      | Reached XP level 1. HP: 10/10 MP: 6/6
   430 | D:1      | Reached XP level 2. HP: 15/15 MP: 6/8
   454 | D:1      | Reached skill level 5 in Conjurations
   957 | D:1      | Reached XP level 3. HP: 19/19 MP: 6/9
   987 | D:1      | Learned a level 3 spell: Dazzling Spray
  1336 | D:2      | Reached skill level 1 in Hexes
  1371 | D:2      | Found a snail-covered altar of Cheibriados.
  2070 | D:2      | Noticed Terence
  2070 | D:2      | Reached XP level 4. HP: 24/24 MP: 2/10
  2074 | D:2      | Noticed Robin
  2089 | D:3      | HP: 1/24 [orc/tomahawk (5)]
  2109 | D:3      | Slain by a giant gecko

Vault maps used:
D:1:      dpeg_arrival_boxes_within_box, item_on_display_a
D:2:      cheibriados_altar_1, uniq_crazy_yiuf_cottage, uniq_robin, uniq_terence
D:3:      first_bread, st_stairs_9

Skill      XL: |  1  2  3 |
---------------+----------+-----
Conjurations   | 5 |  5.8
Hexes          | 2 |  2.1
Dodging        | |  2.4
Stealth        | |  2.4
Spellcasting   | |  3.0

Action                   |  1- 3 |  4- 6 || total
-------------------------+-------+-------++-------
Melee: Dagger            |     6 |     1 ||     7
 Cast: Magic Dart        |    93 |     4 ||    97
       Dazzling Spray    |     1 |     1 ||     2
  Use: Scroll            |     2 |       ||     2
 Stab: Sleeping          |     1 |       ||     1
       Invisible         |     2 |       ||     2
  Eat: Bread ration      |     1 |       ||     1
Dodge: Dodged            |    10 |     3 ||    13
